 Dungeon Crawl Stone Soup version 0.26.1-10-gdfb7c7de75 (webtiles) character file.

Game seed: 13932987171401867445

103 oldmanjim the Ruffian (level 4, -2/37 HPs)
             Began as a Draconian Transmuter on Mar 31, 2021.
             Killed from afar by an orc wizard (12 damage)
             ... with a puff of frost
             ... on level 3 of the Dungeon.
             The game lasted 00:10:12 (2597 turns).

oldmanjim the Ruffian (Draconian Transmuter)        Turns: 2597, Time: 00:10:13

Health: -2/37      AC:  6    Str: 18    XL:     4   Next: 51%
Magic:  8/8        EV: 12    Int: 15    God:
Gold:   124        SH:  0    Dex: 11    Spells: 7/8 levels left

rFire    . . .     SeeInvis .     - Unarmed
rCold    . . .     Faith    .   (no shield)
rNeg     . . .     Spirit   .   (armour unavailable)
rPois    .         Reflect  .   (helmet currently unavailable)
rElec    .         Harm     .   h - +0 cloak
rCorr    .         Rampage  .   (no gloves)
Will     .....                  (boots currently unavailable)
Stlth    +.........             (no amulet)
HPRegen  0.12/turn              o - +6 ring of strength
MPRegen  0.11/turn              (no ring)

@: appendages (expiring)
A: unfitting armour, horns 2, talons 2, cold-blooded, AC +5
a: End Transformation


You were on level 3 of the Dungeon.
You had grown temporary horns.
You had grown temporary talons.
You visited 1 branch of the dungeon, and saw 3 of its levels.

You collected 124 gold pieces.

Inventory:

Hand Weapons
 b - a +0 hunting sling
Missiles
 a - 75 stones
Armour
 h - a +0 cloak (worn)
Jewellery
 o - a +6 ring of strength (left hand)
Wands
 j - a wand of digging (7)
Scrolls
 c - 2 scrolls of remove curse {unknown}
 f - 4 scrolls of identify {unknown}
 g - a scroll of blinking {unknown}
 i - a scroll of magic mapping {unknown}
 l - a scroll of noise {unknown}
 n - a scroll of fear {unknown}
Potions
 d - 2 potions of heal wounds {unknown}
 e - a potion of lignification {unknown}
 k - 2 potions of brilliance {unknown}
 m - a potion of curing {unknown}
 p - a potion of haste {unknown}


   Skills:
 + Level 2.5 Fighting
 - Level 1.7 Dodging
 + Level 3.7 Unarmed Combat
 + Level 2.8 Spellcasting
 + Level 2.9 Transmutations


You had 7 spell levels left.
You knew the following spells:

 Your Spells              Type           Power        Failure   Level
a - Beastly Appendage     Tmut           20%          6%          1

Your spell library contained the following spells:

 Spells                   Type           Power        Failure   Level
 Wereblood                Tmut           10%          10%         2
 Spider Form              Tmut/Pois      3%           34%         3
 Ice Form                 Ice/Tmut       6%           75%         4
 Blade Hands              Tmut           5%           86%         5


Dungeon Overview and Level Annotations

Branches:
Dungeon (3/15)

Altars:
Elyvilon
Vehumet
Yredelemnul


Innate Abilities, Weirdness & Mutations

Your plain brown scales are hard. (AC +5)
You cannot fit into any form of body armour.
You are cold-blooded and may be slowed by cold attacks.
You have a pair of horns on your head.
You have razor-sharp toenails.


Message History

Your transformation is almost over.
The orc wizard hits you with a +0 dagger.
The quokka bites you but does no damage.
The orc wizard hits you with a +0 dagger.
You closely miss the quokka. Your headbutt misses the quokka.
The orc wizard hits you with a +0 dagger.
The quokka closely misses you.
Unknown command.
You hit the quokka. You claw the quokka.
You kill the quokka!
The orc wizard misses you. The orc wizard closely misses you.
Unknown command.
The orc wizard gestures at you while chanting.
The magic dart hits you!
* * * LOW HITPOINT WARNING * * *
The orc wizard points at you and mumbles some strange words.
The puff of frost misses you. The orc wizard casts a spell at you.
The puff of frost hits you!
You die...

.##.#########.####.####....######
.##.# #o# #.####....### .##.# #.#
#...........# ###.# #.#
#...........# ...
#.####...........# #..
+g.o.#.########### .g. #.##.#[#
#....#.# #..S@#)#####
#...<......# #..........#
#.#........# ...+........#
###.#........# ##########


You could see an orc wizard (fast) and a ball python.

Vanquished Creatures
  4 adders
  2 oozes
  2 worms (D:2)
  2 dart slugs (D:1)
  A leopard gecko (D:2)
  3 orcs (D:3)
  2 ball pythons
  6 bats
  A giant cockroach (D:2)
  6 hobgoblins
  A jackal (D:3)
  2 quokkas
  2 frilled lizards
  6 goblins
  2 kobolds (D:2)
  5 rats
47 creatures vanquished.

Notes
Turn   | Place    | Note
-------+----------+-------------------------------------------
     0 | D:1      | oldmanjim the Draconian Transmuter began the quest for the
                  | Orb.
     0 | D:1      | Reached XP level 1. HP: 16/16 MP: 3/3
   132 | D:1      | Reached XP level 2. HP: 23/23 MP: 5/5
   794 | D:2      | Reached XP level 3. HP: 23/29 MP: 6/6
   955 | D:2      | Found a white marble altar of Elyvilon.
  1764 | D:2      | Reached XP level 4. HP: 36/36 MP: 7/7
  1848 | D:2      | Found a basalt altar of Yredelemnul.
  2227 | D:2      | Found a radiant altar of Vehumet.
  2597 | D:3      | Killed from afar by an orc wizard

Illustrated notes

Levels and vault maps discovered:
D:1:      lemuel_arrival_lava_pool, layout_loops_ring
D:2:      layout_loops_corners, kennysheep_ying_yang,
          lemuel_coloured_pillars_altar
D:3:      layout_basic, uniq_ijyb

Skill      XL: |  1  2  3 |
---------------+----------+-----
Fighting       | 2 |  2.5
Dodging        | |  1.7
Unarmed Combat | |  3.7
Spellcasting   | |  2.8
Transmutations | |  2.9

Action                   |  1- 3 |  4- 6 || total
-------------------------+-------+-------++-------
Melee: Unarmed           |   113 |    19 ||   132
       Tailslap          |    14 |       ||    14
       Kick              |     5 |     4 ||     9
       Headbutt          |     2 |     1 ||     3
       Punch             |     1 |       ||     1
 Fire: Hunting sling     |    39 |    14 ||    53
 Cast: Beastly Appendage |     3 |     3 ||     6
 Stab: Sleeping          |     1 |     1 ||     2
Armor: Skin              |    53 |    11 ||    64
Dodge: Dodged            |   100 |    24 ||   124
